 Dungeon Crawl Stone Soup version 0.30.1-4-g462c640d31 (webtiles) character file.

Game seed: 3486936591588491592

327 arthad the Chopper (level 6, -6/49 HPs)
             Began as a Vine Stalker Berserker on Aug 26, 2023.
             Was a Priest of Trog.
             Mangled by an orc wizard
             ... wielding a +2 dagger of electrocution
              (9 damage)
             ... on level 4 of the Dungeon.
             The game lasted 00:04:00 (2372 turns).

arthad the Chopper (Vine Stalker Berserker)         Turns: 2372, Time: 00:04:01

Health: -6/49      AC:  3    Str: 21    XL:     6   Next: 50%
Magic:  0/16       EV: 13    Int:  7    God:    Trog [***...]
Gold:   104        SH:  0    Dex: 14    Spells: 5/5 levels left

rFire   . . .        k - +4 war axe (distort)
rCold   . . .        (no shield)
rNeg    + . .        b - +0 animal skin
rPois   .            j - +1 hat
rElec   .            (no cloak)
rCorr   .            (no gloves)
SInv    .            (no boots)
Will    ++...        (no amulet) Stlth
                     h - ring of magical power
HPRegen 2.08/turn    o - ring of positive energy
MPRegen 0.15/turn

%: guardian spirit
@: berserking, strong-willed, regenerating, very quick
A: fangs 2, regeneration 1, magic shield, antimagic bite, no potion heal 2
a: Renounce Religion, Berserk, Trog's Hand


You were on level 4 of the Dungeon.
You worshipped Trog.
Trog was most pleased with you.
You visited 1 branch of the dungeon, and saw 4 of its levels.

You collected 202 gold pieces.
You spent 98 gold pieces at shops.

Inventory:

Hand Weapons
 a - a +0 hand axe
 k - a +4 war axe of distortion (weapon)
Missiles
 g - 11 poisoned darts (quivered)
 w - 6 curare-tipped darts
 y - 6 boomerangs
Armour
 b - a +0 animal skin (worn)
 j - a +1 hat (worn)
Jewellery
 h - a ring of magical power (left hand)
 o - a ring of positive energy (right hand)
Wands
 v - a wand of flame (11)
Scrolls
 d - 2 scrolls of fear {unknown}
 e - 2 scrolls of teleportation {unknown}
 i - a scroll of acquirement {unknown}
 m - a scroll of vulnerability {unknown}
 p - 4 scrolls of identify {unknown}
 q - 2 scrolls of noise {unknown}
 t - a scroll of enchant weapon {unknown}
Potions
 c - 2 potions of ambrosia {unknown}
 f - a potion of attraction {unknown}
 l - 3 potions of heal wounds {unknown}
 n - a potion of brilliance {unknown}
 r - a potion of berserk rage {unknown}
 s - 2 potions of curing
 u - a potion of haste {unknown}
 x - a potion of mutation {unknown}
 z - a potion of might


   Skills:
 + Level 3.9 Fighting
 + Level 3.9 Axes
 + Level 3.0 Armour
 + Level 3.0 Dodging


You had 5 spell levels left.
You didn't know any spells.
Your spell library contained the following spells:

 Spells                   Type           Power      Damage    Failure   Level
 Sandblast                Erth           0%         2d4       43%         1
 Passwall                 Tmut/Erth      0%         N/A       56%         2
 Stone Arrow              Conj/Erth      0%         3d7       80%         3


Dungeon Overview and Level Annotations

Branches:
Dungeon (4/15)
 Temple: D:4-7

Altars:

Shops:
D:3 !


Innate Abilities, Weirdness & Mutations

You have extremely sharp teeth.
Your natural rate of healing is unusually fast.
When hurt, damage is shared between your health and your magic reserves.
Your bite disrupts and absorbs the magic of your enemies.
Potions cannot restore your health.


Message History

You kill the orc!
Trog accepts your kill. The hobgoblin closely misses you. Something hits you.
You slash the hobgoblin!
You kill the hobgoblin!
Trog accepts your kill.
You hit something. Something barely misses you. Something hits you.
You are electrocuted!!
You are too injured to fight recklessly!
You are too injured to fight recklessly!
You are too injured to fight recklessly!
You are too injured to fight recklessly!
You are too injured to fight recklessly!
You are too injured to fight recklessly!
You are too injured to fight recklessly!
Something hits you. Something hits you.
You miss something. Something hits you.
You miss something.
You hear some strange, mumbled words.
A magic dart appears from out of thin air!
The magic dart hits you.
* * * LOW HITPOINT WARNING * * *
Your skin crawls.
You feel strong-willed. Something completely misses you.
You hit something.
Space warps around something.
Something hits you.
You are electrocuted!
* * * LOW HITPOINT WARNING * * *
You closely miss something. Something hits you but does no damage.
Something hits you.
* * * LOW HITPOINT WARNING * * *
Okay, then.
A red film seems to cover your vision as you go berserk!
You feel yourself moving faster!
You feel mighty! Something completely misses you.
You miss something. Your bite misses something. Something hits you.
* * * LOW HITPOINT WARNING * * *
You are electrocuted!
You die...

############
#..........#
#..........#
#..........#
#....:.....#
#.....)){..# #@)#
#..#
...########..####.#
...........#.......#
....................
..#...?....###.....
...............#...
#........##....##
#........# ####


There were no monsters in sight!

Vanquished Creatures
  A black bear (D:2)
  2 orc priests (D:3)
  4 adders
  A dart slug (D:1)
  16 orcs
  9 ball pythons
  9 bats
  9 endoplasms
  6 goblins
  4 hobgoblins
  4 jackals (D:2)
  A quokka (D:2)
  6 frilled lizards
  14 kobolds
  A rat (D:1)
87 creatures vanquished.

Notes
Turn   | Place    | Note
-------+----------+-------------------------------------------
     0 | D:1      | arthad the Vine Stalker Berserker began the quest for the
                  | Orb.
     0 | D:1      | Reached XP level 1. HP: 11/11 MP: 2/2
   115 | D:1      | Reached XP level 2. HP: 16/16 MP: 3/3
   353 | D:1      | Reached XP level 3. HP: 13/20 MP: 4/4
   455 | D:1      | Reached ** piety under Trog
   770 | D:2      | Noticed a black bear
   782 | D:2      | Killed a black bear
   783 | D:2      | Gained mutation: Your natural rate of healing is unusually
                  | fast. [Vine Stalker growth]
   783 | D:2      | Reached XP level 4. HP: 24/24 MP: 5/5
   783 | D:2      | Reached XP level 5. HP: 28/28 MP: 6/6
  1797 | D:3      | Reached XP level 6. HP: 24/33 MP: 7/7
  1993 | D:3      | Found Puvusit's Distillery.
  1997 | D:3      | Reached *** piety under Trog
  2077 | D:3      | Bought a potion of curing for 42 gold pieces
  2077 | D:3      | Bought a potion of might for 56 gold pieces
  2370 | D:4      | HP: 1/33 [something (5)]
  2372 | D:4      | Mangled by an orc wizard

Illustrated notes

Levels and vault maps discovered:
D:1:      dpeg_arrival_orchard, layout_basic
D:2:      layout_basic, minmay_heptomino_w4
D:3:      layout_loops_ring, serial_shops, nicolae_shop_hallway_plus
D:4:      layout_rooms, tso_oasis_becter, minmay_temple_entry_nine_rooms

Skill      XL: |  1  2  3  4  5  6 |
---------------+-------------------+-----
Fighting       | 3 |  3.9
Axes           | 3 |  3.9
Armour         | 2 3 |  3.0
Dodging        | 2 3 |  3.0

Action                     |  1- 3 |  4- 6 || total
---------------------------+-------+-------++-------
  Melee: Hand axe          |    50 |       ||    50
         Bite              |    14 |     6 ||    20
         Punch             |     1 |     2 ||     3
         War axe           |    13 |    79 ||    92
  Throw: Dart              |     2 |       ||     2
 Invoke: Berserk           |     1 |     1 ||     2
         Trog's Hand       |       |     2 ||     2
   Stab: Sleeping          |     2 |     1 ||     3
 Armour: Animal skin       |    19 |    11 ||    30
  Dodge: Dodged            |    34 |    50 ||    84
